 Dungeon Crawl Stone Soup version 0.29.1-12-g30fa7ad0bf (webtiles) character file.

Game seed: 3936836517479522846

59 Radix the Sneak (level 3, -1/21 HPs)
             Began as a Deep Elf Brigand on Jan 16, 2023.
             Slain by a gnoll
             ... wielding a +0 halberd
              (11 damage)
             ... on level 2 of the Dungeon.
             The game lasted 00:04:50 (1434 turns).

Radix the Sneak (Deep Elf Brigand)                  Turns: 1434, Time: 00:04:50

Health: -1/21      AC:  5    Str:  8    XL:     3   Next: 78%
Magic:  5/5        EV: 11    Int: 17    God:
Gold:   53         SH:  0    Dex: 16    Spells: 2/2 levels left

rFire   . . .      SeeInvis .   a - +2 dagger
rCold   . . .      Faith    .   (no shield)
rNeg    . . .      Spirit   .   j - +1 leather armour {Will+}
rPois   .          Reflect  .   (no helmet)
rElec   .          Harm     .   c - +0 cloak
rCorr   .          Rampage  .   (no gloves)
Will    +....                   (no boots)
Stlth   +++.......              (no amulet)
HPRegen 0.07/turn               (no ring)
MPRegen 0.09/turn               (no ring)

@: no status effects
A: no striking features
a: no special abilities


You were on level 2 of the Dungeon.
You visited 1 branch of the dungeon, and saw 2 of its levels.

You collected 53 gold pieces.

Inventory:

Hand Weapons
 a - a +2 dagger (weapon)
Missiles
 d - 11 poisoned darts (quivered)
 e - 3 curare-tipped darts
Armour
 b - a +0 robe
 c - a +0 cloak (worn)
 j - a +1 leather armour of willpower (worn)
Potions
 i - a potion of lignification
 l - a potion of ambrosia {unknown}
 n - a potion of mutation {unknown}


   Skills:
 + Level 2.3 Fighting
 + Level 2.9 Short Blades
 - Level 2.0 Throwing
 - Level 1.2 Dodging
 + Level 5.6 Stealth


You had 2 spell levels left.
You didn't know any spells.
Your spell library was empty.

Dungeon Overview and Level Annotations

Branches:
Dungeon (2/15)

Altars:


Message History

Okay, then.
You start resting.
You feel a little less mighty now.
You start resting.
HP restored.
You start waiting.
Done waiting.
There is a stone staircase leading down here.
You climb downwards.
There is a stone staircase leading up here.
Okay, then.
As you read the scroll labelled SUD ZE TANOQO, it crumbles to dust.
It is a scroll of identify.
i - a potion of lignification
As you read the scroll labelled HOMUCVA ROUQU, it crumbles to dust.
The air around you briefly surges with heat, but it dissipates.
It was a scroll of immolation.
As you read the scroll labelled ISUWUMN XEGG, it crumbles to dust.
It is a scroll of enchant armour.
Your +0 leather armour of willpower glows green for a moment.
Things that are here:
a +0 club; a gnoll skeleton The gnoll hits you from afar with a +0 halberd!
Ouch! That really hurt!
The gnoll barely misses you.
Things that are here:
a +0 dagger; a kobold skeleton You hit the gnoll.
The gnoll is moderately wounded.
You hit the gnoll.
The gnoll is moderately wounded.
The gnoll closely misses you.
You hit the gnoll.
The gnoll is heavily wounded.
The gnoll closely misses you.
You hit the gnoll.
The gnoll is almost dead.
The gnoll hits you with a +0 halberd!
Ouch! That really hurt!
You die...

####### #...'.#
#####...#.#
#####.>#♣..##.#
#......'...#..#
#<##########.## #.#
#.. ###)#########.#
#....@g.(.....
...........##.......
............?......g
.###+++###.##.#####
##.. .. ... .. .$..
. ....


You could see a gnoll.

Vanquished Creatures
  3 gnolls
  A dart slug (D:1)
  A bat (D:1)
  4 endoplasms (D:1)
  A giant cockroach (D:1)
  3 goblins (D:1)
  3 hobgoblins
  2 jackals (D:1)
  2 kobolds
  A quokka (D:1)
  2 ball pythons (D:1)
  5 frilled lizards (D:1)
28 creatures vanquished.

Vanquished Creatures (others)
  8 toadstools (D:2)
8 creatures vanquished.

Grand Total: 36 creatures vanquished

Notes
Turn   | Place    | Note
-------+----------+-------------------------------------------
     0 | D:1      | Radix the Deep Elf Brigand began the quest for the Orb.
     0 | D:1      | Reached XP level 1. HP: 12/12 MP: 3/3
   146 | D:1      | Reached skill level 5 in Stealth
   270 | D:1      | Reached XP level 2. HP: 17/17 MP: 4/4
  1020 | D:2      | Reached XP level 3. HP: 21/21 MP: 5/5
  1434 | D:2      | Slain by a gnoll

Illustrated notes

Levels and vault maps discovered:
D:1:      mrwooster_arrival_statue_3, layout_rooms
D:2:      cheibrodos_fertilizer, layout_loops_ring, kennysheep_nondescript,
          grunt_decor_one_mirror, hangedman_decor_lopped

Skill      XL: |  1  2 |
---------------+-------+-----
Stealth        | 5 |  5.6
Fighting       | 2 |  2.3
Short Blades   | |  2.9
Throwing       | |  2.0
Dodging        | |  1.2

Action                   || total
-------------------------++-------
Melee: Dagger            ||   103
       Punch             ||     1
Throw: Dart              ||     1
  Use: Scroll            ||     3
       Potion            ||     3
 Stab: Sleeping          ||     4
Armor: Robe              ||     8
       Leather armour    ||     4
Dodge: Dodged            ||    44
